 Dungeon Crawl Stone Soup version 0.31-a0-277-g31ea1f65cc (webtiles) character file.

Game seed: 10533503364080769572

3609 Newt the Basher (level 9, -4/65 HPs)
             Began as a Demonspawn Gladiator on July 16, 2023.
             Was a Believer of Makhleb.
             Slain by an orc knight
             ... wielding a +0 halberd
              (7 damage)
             ... in a bailey.
             The game lasted 00:08:51 (7864 turns).

Newt the Basher (Demonspawn Gladiator)              Turns: 7864, Time: 00:08:51

Health: -4/65      AC: 15    Str: 24    XL:     9   Next: 86%
Magic:  9/9        EV: 10    Int: 10    God:    Makhleb [**....]
Gold:   255        SH:  0    Dex: 14    Spells: 8/8 levels left

rFire   + . .        y - +7 mace of Animal Spirits {flame, Str+5}
rCold   + . .        (no shield)
rNeg    . . .        q - +0 chain mail {rF+}
rPois   .            (helmet restricted)
rElec   .            h - +1 cloak
rCorr   .            x - +0 pair of gloves
SInv    +            (no boots)
Will    .....        (no amulet) Stlth
                     d - ring of see invisible
HPRegen 0.30/turn    (no ring)
MPRegen 0.11/turn

%: no passive effects
@: no status effects
A: horns 2, icy blue scales 3
a: Renounce Religion, Minor Destruction


You were in a bailey.
You worshipped Makhleb.
Makhleb was pleased with you.
You visited 2 branches of the dungeon, and saw 8 of its levels.
You also visited: Bailey.

You collected 255 gold pieces.

Inventory:

Hand Weapons
 a - a +0 rapier
 g - a +1 dagger of holy wrath
 r - a +3 spear
 y - the +7 mace of Animal Spirits (weapon) {flame, Str+5}
   (You found it on level 5 of the Dungeon)

   Str:       It affects your strength (+5).
Missiles
 i - 5 poisoned darts (quivered)
Armour
 b - a +0 leather armour
 c - a +0 helmet
 h - a +1 cloak (worn)
 q - a +0 chain mail of fire resistance (worn)
 x - a +0 pair of gloves (worn)
Jewellery
 d - a ring of see invisible (left hand)
Wands
 m - a wand of polymorph (11)
 p - a wand of flame (15)
Scrolls
 l - a scroll of fear
 s - 5 scrolls of teleportation
Potions
 f - 2 potions of haste {unknown}
 j - 3 potions of mutation {unknown}
 k - a potion of attraction
 n - 2 potions of might {unknown}
 o - 2 potions of lignification
 u - 3 potions of resistance
 v - a potion of enlightenment
 w - 2 potions of brilliance


   Skills:
 - Level 4.0 Fighting
 - Level 4.0 Short Blades
 - Level 10.0 Maces & Flails
 - Level 4.6 Polearms
 - Level 4.0 Throwing
 + Level 0.1 Armour
 - Level 4.0 Dodging
 - Level 2.0 Stealth


You had 8 spell levels left.
You didn't know any spells.
Your spell library contained the following spells:

 Spells                   Type           Power      Damage    Failure   Level
 Summon Small Mammal      Summ           0%         N/A       94%         1
 Ensorcelled Hibernation  Hex/Ice        0%         N/A       98%         2
 Passwall                 Tmut/Erth      0%         N/A       98%         2
 Static Discharge         Conj/Air       0%         2-2/arc   98%         2
 Call Canine Familiar     Summ           0%         N/A       100%        3
 Summon Guardian Golem    Hex/Summ       0%         N/A       100%        3
 Swiftness                Air            0%         N/A       100%        3
 Airstrike                Air            0%         2d(0-16)  100%        4
 Summon Lightning Spire   Summ/Air       0%         N/A       100%        4


Dungeon Overview and Level Annotations

Branches:
Dungeon (7/15)             Temple (1/1) D:4          Bailey (1/1)

Altars:
Ashenzari
Cheibriados
Dithmenos
Gozag
Hepliaklqana
Kikubaaqudgha
Makhleb
Nemelex Xobeh
Qazlal
Ru
Sif Muna
Trog
Uskayaw
Vehumet
Wu Jian
Xom
Yredelemnul


Innate Abilities, Weirdness & Mutations

You have a pair of horns on your head.
You are completely covered in icy blue scales. (AC +4, rC+)


Message History

The orc warrior barely misses you.
Okay, then.
You sock the orc knight! You burn the orc knight.
The orc knight is moderately wounded.
You sock the orc knight! You burn the orc knight.
The orc knight is heavily wounded.
The orc knight hits you with a +0 halberd.
The orc warrior hits you from afar with a +0 glaive!
You sock the orc knight! You burn the orc knight.
The orc knight is severely wounded.
The orc knight hits you with a +0 halberd!
* * * LOW HITPOINT WARNING * * *
The orc warrior hits you from afar with a +0 glaive!
* * * LOW HITPOINT WARNING * * *
Unknown command.
Okay, then.
As you read the scroll of fear, it crumbles to dust.
You assume a fearsome visage.
The orc knight looks frightened!
The orc warrior looks frightened!
Unknown command.
The orc warrior almost stumbles in trying to escape.
You hit the orc knight but do no damage.
Your attack snaps the orc knight out of its fear.
The orc knight is almost dead.
The orc knight hits you but does no damage.
You barely miss the orc knight.
You headbutt the orc knight, but do no damage.
The orc knight is almost dead.
The orc knight looks more healthy.
The orc warrior no longer looks unusually strong.
The orc knight roars a battlecry!
The orc warrior goes into a battle-frenzy!
You hit the orc knight but do no damage.
The orc knight is almost dead.
The orc knight completely misses you.
Unknown command.
You hit the orc knight. You burn the orc knight.
The orc knight is almost dead.
The orc knight hits you with a +0 halberd!
You die...

############################
#∩..........o...............
#.∩........@................
#.............).............
#.............((..(.((......
#......≈≈≈≈≈................
#.....≈≈###≈≈...............
#.....≈##.##≈)..............
#.....≈#..))................
#.....≈##.∩#≈...............
#.....≈≈#.##≈......###......


You could see an orc knight.

Vanquished Creatures
  Prince Ribbit (D:7)
  Sigmund (D:2)
  Menkaure (D:6)
  A water moccasin (D:6)
  8 orc warriors
  An ice beast (D:6)
  2 sky beasts
  2 black bears
  2 ogres
  A phantom (D:4)
  A kobold brigand (D:7)
  5 bullfrogs
  2 scorpions
  3 wights (D:7)
  4 killer bees (D:7)
  A howler monkey (D:7)
  An electric eel (D:6)
  2 hounds (D:5)
  2 jellies
  An orc priest (D:7)
  3 sleepcaps (D:5)
  3 iguanas
  Ijyb (D:3)
  Natasha (thrice) (D:2)
  An orc wizard (D:5)
  8 gnolls
  3 adders
  A white imp (D:6)
  An ufetubus (D:7)
  A worm (D:2)
  2 dart slugs
  20 orcs
  4 ball pythons
  6 endoplasms
  3 giant cockroaches
  13 goblins
  8 hobgoblins
  12 jackals
  A quokka (D:2)
  7 bats
  7 frilled lizards
  8 kobolds
  3 rats
161 creatures vanquished.

Notes
Turn   | Place    | Note
-------+----------+-------------------------------------------
     0 | D:1      | Newt the Demonspawn Gladiator began the quest for the Orb.
     0 | D:1      | Reached XP level 1. HP: 16/16 MP: 1/1
   188 | D:1      | Gained mutation: You have a pair of small horns on your
                  | head. [demonic ancestry]
   188 | D:1      | Reached XP level 2. HP: 23/23 MP: 2/2
  1031 | D:2      | Noticed Natasha
  1044 | D:2      | Killed Natasha
  1045 | D:2      | Reached XP level 3. HP: 8/30 MP: 3/3
  1279 | D:2      | Noticed Natasha
  1295 | D:2      | Killed Natasha
  1296 | D:2      | Reached skill level 1 in Stealth
  1296 | D:2      | Reached XP level 4. HP: 18/37 MP: 4/4
  1612 | D:2      | Noticed Natasha
  1622 | D:2      | Killed Natasha
  1825 | D:2      | Noticed Sigmund
  1902 | D:2      | Killed Sigmund
  1903 | D:2      | Gained mutation: You are partially covered in icy blue
                  | scales. (AC +2) [demonic ancestry]
  1903 | D:2      | Reached XP level 5. HP: 31/42 MP: 5/5
  1903 | D:2      | Gained mutation: You have a pair of horns on your head.
                  | [demonic ancestry]
  1903 | D:2      | Reached XP level 6. HP: 35/48 MP: 6/6
  2767 | D:3      | Noticed Ijyb
  2790 | D:3      | Killed Ijyb
  3356 | D:4      | Noticed a sky beast
  3366 | D:4      | Killed a sky beast
  3828 | D:4      | Found a staircase to the Ecumenical Temple.
  3847 | Temple   | Entered the Ecumenical Temple
  4066 | D:4      | Reached skill level 1 in Polearms
  4066 | D:4      | Reached XP level 7. HP: 53/54 MP: 7/7
  4441 | D:4      | Found a large runed translucent door.
  4442 | D:4      | Found a large runed translucent door.
  4760 | D:4      | Found an ornate altar of the Wu Jian Council.
  4792 | D:5      | Entered Level 5 of the Dungeon
  5062 | D:5      | Identified the +7 mace of Animal Spirits {flame, Str+5}
  5126 | D:5      | Reached skill level 1 in Maces & Flails
  5126 | D:5      | Gained mutation: You are mostly covered in icy blue scales.
                  | (AC +3) [demonic ancestry]
  5126 | D:5      | Reached XP level 8. HP: 60/60 MP: 8/8
  5256 | D:5      | Reached skill level 2 in Maces & Flails
  5352 | D:5      | Found a radiant altar of Vehumet.
  5353 | D:5      | Found a hazy altar of Hepliaklqana.
  5355 | D:5      | Found a shimmering altar of Xom.
  5357 | D:5      | Found a burning altar of Makhleb.
  5371 | D:5      | Became a worshipper of Makhleb the Destroyer
  5547 | D:6      | Reached skill level 3 in Maces & Flails
  5661 | D:6      | Reached skill level 4 in Maces & Flails
  5759 | D:6      | Noticed Menkaure
  5764 | D:6      | Killed Menkaure
  5765 | D:6      | Reached skill level 5 in Maces & Flails
  5807 | D:6      | Found a shimmering blue altar of Sif Muna.
  5808 | D:6      | Found a sacrificial altar of Ru.
  5812 | D:6      | Reached skill level 6 in Maces & Flails
  5952 | D:6      | Found a stormy altar of Qazlal.
  5954 | D:6      | Noticed an air elemental
  6116 | D:6      | Gained mutation: You are completely covered in icy blue
                  | scales. (AC +4, rC+) [demonic ancestry]
  6116 | D:6      | Reached XP level 9. HP: 65/65 MP: 9/9
  6297 | D:7      | Reached * piety under Makhleb
  6304 | D:7      | Reached skill level 7 in Maces & Flails
  6352 | D:7      | Noticed Prince Ribbit
  6362 | D:7      | Reached skill level 8 in Maces & Flails
  6379 | D:7      | Killed Prince Ribbit
  6385 | D:7      | Found a flagged portal.
  6520 | Bailey   | Entered a bailey
  7122 | Bailey   | Reached skill level 9 in Maces & Flails
  7220 | Bailey   | Reached ** piety under Makhleb
  7683 | Bailey   | Reached skill level 10 in Maces & Flails
  7742 | Bailey   | Noticed an orc knight
  7857 | Bailey   | HP: 1/65 [orc warrior/+0 glaive (12)]
  7864 | Bailey   | Slain by an orc knight

Illustrated notes

Levels and vault maps discovered:
D:1:      roderic_chinese_lattice_arrival, layout_basic
D:2:      layout_loops_corners, uniq_sigmund, uniq_natasha
D:3:      minmay_evil_eye, layout_basic, uniq_ijyb
D:4:      layout_cave_pods, jmf_multi_god_temple2,
          minmay_temple_entry_stoned_glass, corexii_shack
D:5:      layout_gridville, grunt_temple_overflow_open
D:6:      layout_rooms, nicolae_overflow_squiral,
          nicolae_qazlal_style_of_elements, dreamdust_princess_bridge,
          minmay_lizard_king, uniq_menkaure
D:7:      wad_guarded_room, layout_rooms, enter_bailey_6, uniq_prince_ribbit1
Temple:   hellmonk_temple_rainy
Bailey:   bailey_polearm_2, bailey

Skill      XL: |  1  2  3  4  5  6  7  8  9 |
---------------+----------------------------+-----
Fighting       | 3 4 |  4.0
Stealth        | 1 2 |  2.0
Dodging        | 4 |  4.0
Throwing       | 3 4 |  4.0
Short Blades   | 4 |  4.0
Polearms       | 1 4 |  4.6
Maces & Flails | 1 6 10 | 10.0
Armour         | |  0.1

Action                     |  1- 3 |  4- 6 |  7- 9 || total
---------------------------+-------+-------+-------++-------
  Melee: Rapier            |    67 |   146 |       ||   213
         Headbutt          |     7 |    39 |    60 ||   106
         Punch             |       |     5 |     5 ||    10
         Spear             |       |    41 |    79 ||   120
         Mace              |       |       |   221 ||   221
  Throw: Throwing net      |     5 |     2 |     1 ||     8
         Javelin           |     1 |       |     1 ||     2
         Dart              |       |     6 |     7 ||    13
    Use: Scroll            |     2 |     4 |     5 ||    11
         Potion            |       |       |     3 ||     3
   Stab: Sleeping          |       |     4 |       ||     4
 Armour: Leather armour    |    20 |    25 |       ||    45
         Chain mail        |       |    46 |   182 ||   228
  Dodge: Dodged            |    38 |    78 |   154 ||   270

Table legend: (Time is in decaauts)
 A = Elapsed time spent in this place.
 B = Non-inter-level travel time spent in this place.
 C = Inter-level travel time spent in this place.
 D = Time resting spent in this place.
 E = Time spent auto-exploring this place.
 F = Levels seen in this place.
 G = Mean time per level.
                   A        B        C        D        E       F      G
               +--------+--------+--------+--------+--------+-----+--------+
         Total |   7909 |   7744 |    165 |   1778 |   4540 |   9 |  878.8 |
       Dungeon |   6527 |   6369 |    158 |    882 |   4289 |   7 |  932.4 |
        Temple |     44 |     38 |      6 |      0 |     26 |   1 |   44.0 |
        Bailey |   1337 |   1337 |      0 |    896 |    225 |   1 | 1337.0 |
               +--------+--------+--------+--------+--------+-----+--------+

Top non-repeatable levels by time:
     D:2: 1436 daAuts
  Bailey: 1337 daAuts
     D:3: 1181 daAuts
     D:4: 1144 daAuts
     D:1: 1024 daAuts
     D:5: 737 daAuts
     D:6: 736 daAuts
     D:7: 267 daAuts
  Temple: 44 daAuts
